 Dungeon Crawl Stone Soup version 0.30.0-19-g36f170ea60 (webtiles) character file.

Game seed: 5058399866697531284

10353 evanesce the Cleaver (level 12, 0/74 HPs)
             Began as a Meteoran Fighter on May 29, 2023.
             Was a Priest of Qazlal.
             Slain by Snorg (1 damage)
             ... on level 11 of the Dungeon.
             The game lasted 01:02:24 (5955 turns).

evanesce the Cleaver (Meteoran Fighter)             Turns: 5955, Time: 01:02:24

Health: 0/74       AC: 16    Str: 22      XL:     12   Next: 18%
Magic:  0/18       EV:  8    Int:  7 (10) God:    Qazlal [***...]
Gold:   425        SH:  9    Dex:  9 (15) Spells: 4/11 levels left

rFire   + . .        a - +0 war axe (heavy)
rCold   . . .        c - +0 buckler
rNeg    . . .        l - +0 plate armour
rPois   +            P - +0 helmet
rElec   .            (no cloak)
rCorr   .            f - +2 pair of gloves
SInv    .            C - +0 pair of boots
Will    +....        I - amulet of guardian spirit Stlth
                     s - ring of poison resistance
HPRegen 0.32/turn    K - ring of protection from fire
MPRegen 0.16/turn

%: guardian spirit
@: glowing
A: sense surroundings 2, otherworldly, glowing, explore regen, screaming 1,
[deformed body], [deterioration 2], frail 1[+2]
a: Renounce Religion, Upheaval, Elemental Force


You were on level 11 of the Dungeon.
You worshipped Qazlal.
Qazlal was most pleased with you.
You visited 2 branches of the dungeon, and saw 12 of its levels.
You visited the Abyss 1 time.

You collected 425 gold pieces.

Inventory:

Hand Weapons
 a - a +0 heavy war axe (weapon)
 h - a +1 vampiric whip
 k - a +1 rapier of electrocution
 u - a +4 hand axe
Missiles
 e - 2 throwing nets (quivered)
 o - 13 poisoned darts
 y - 11 boomerangs
Armour
 b - a +0 scale mail
 c - a +0 buckler (worn)
 f - a +2 pair of gloves (worn)
 l - a +0 plate armour (worn)
 C - a +0 pair of boots (worn)
 P - a +0 helmet (worn)
 Q - +0 acid dragon scales
Magical Staves
 n - a staff of death
 p - a staff of conjuration
Jewellery
 s - a ring of poison resistance (left hand)
 A - a ring of fire
 I - an amulet of guardian spirit (around neck)
 K - a ring of protection from fire (right hand)
Wands
 O - a wand of mindburst (2)
Scrolls
 g - a scroll of poison {unknown}
 i - 2 scrolls of silence {unknown}
 j - 4 scrolls of immolation
 q - 2 scrolls of fear {unknown}
 x - 3 scrolls of enchant weapon {unknown}
 z - a scroll of acquirement {unknown}
 F - 2 scrolls of brand weapon
 G - a scroll of amnesia {unknown}
 M - a scroll of vulnerability {unknown}
Potions
 d - a potion of might
 m - 2 potions of brilliance
 r - a potion of flight {unknown}
 t - 3 potions of invisibility
 v - 3 potions of degeneration {unknown}
 w - a potion of attraction {unknown}
 B - 2 potions of curing
 D - a potion of lignification {unknown}
 E - a potion of resistance {unknown}
 H - 2 potions of heal wounds
 L - 2 potions of mutation {unknown}
 N - a potion of haste {unknown}


   Skills:
 + Level 10.5 Fighting
 - Level 12.0 Axes
 + Level 10.6 Armour
 - Level 6.0 Dodging
 - Level 5.6 Shields
 + Level 7.8 Invocations


You had 4 spell levels left.
You knew the following spells:

 Your Spells              Type           Power      Damage    Failure   Level
a - Blink                 Tloc           0%         N/A       100%        2
b - Swiftness             Air            0%         N/A       100%        3
P - Passwall              Tmut/Erth      0%         N/A       100%        2

Your spell library contained the following spells:

 Spells                   Type           Power      Damage    Failure   Level
 Freeze                   Ice            0%         1d3       100%        1
 Ensorcelled Hibernation  Hex/Ice        0%         N/A       100%        2
 Lesser Beckoning         Tloc           0%         N/A       100%        2
 Momentum Strike          Conj/Tloc      0%         3d8       100%        2
 Frozen Ramparts          Ice            0%         1d1       100%        3
 Hailstorm                Conj/Ice       0%         3d3       100%        3
 Tukima's Dance           Hex            0%         N/A       100%        3
 Passage of Golubria      Tloc           0%         N/A       100%        4
 Yara's Violent Unravell  Hex/Tmut       0%         3d3       100%        5


Dungeon Overview and Level Annotations

Branches:
Dungeon (11/15) Zot: 985   Temple (1/1) D:4 Zot: 587
   Lair: D:8-11         Orc: D:9-12

Altars:
Elyvilon
Fedhas
Kikubaaqudgha
Makhleb
Qazlal
Ru
Sif Muna
Trog
Uskayaw
Vehumet
Zin

Shops:
D:4 *

Annotations:
D:8 1 runed translucent door
D:9 exclusion: downstairs
D:10 Erolcha
D:11 Snorg


Innate Abilities, Weirdness & Mutations

You passively map the area around you.
You are easily found by Zot.
You glow in the dark.
You regain HP and MP as you explore.
You occasionally shout uncontrollably at your foes.
[Armour fits poorly on your strangely shaped body.]
[Your body often deteriorates upon taking damage.]
[You are extremely frail. (-30% HP)]


Message History

Snorg bites you but does no damage. You block Snorg's attack. x2
You slash Snorg!
Snorg is lightly wounded.
You block Snorg's attack. Snorg barely misses you.
Snorg claws you but does no damage. Snorg bites you! Snorg closely misses you.
Snorg claws you but does no damage.
You slice Snorg!!
Snorg is heavily wounded.
You block Snorg's attack. Snorg claws you! x2
You slice Snorg like a ripe choko!!!
Snorg is severely wounded.
Snorg goes berserk!
You slash Snorg!
Snorg is almost dead.
You block Snorg's attack. x2; Snorg claws you!
Your body deteriorates!
You feel clumsy. Snorg closely misses you. Snorg claws you!
Snorg claws you but does no damage.
You hit Snorg but do no damage.
Snorg is almost dead.
Snorg bites you but does no damage. You block Snorg's attack. Snorg claws you!
Snorg bites you!
* * * LOW HITPOINT WARNING * * *
Snorg claws you but does no damage. Snorg claws you.
* * * LOW HITPOINT WARNING * * *
Press: ? - help, v - describe, . - travel
Here: Snorg (almost dead, berserk)
An open door, spattered with blood.
Unknown command.
You are too injured to fight recklessly!
You hit Snorg.
Snorg is almost dead.
Snorg is engulfed in blazing flames.
Snorg bites you!
* * * LOW HITPOINT WARNING * * *
Your body deteriorates!
You feel clumsy. Snorg barely misses you. Snorg claws you.
* * * LOW HITPOINT WARNING * * *
Snorg is engulfed in blazing flames.
Snorg bites you!
* * * LOW HITPOINT WARNING * * *
You block Snorg's attack. Snorg claws you.
You die...

########## #........#
#........# #########
#........# #........
#........### #........
#...<).○.T.######........
#....)).@#......T........
#....)).°########.....>..
#........# #........
#........# #........
#........# #........
#........# #....T...
#........# #####.###
#........# ##.....# * ***
* ##..#####


You could see Snorg (berserk).

Vanquished Creatures
  2 two-headed ogres
  A flayed ghost (Abyss:1)
  An ugly thing (Abyss:1)
  Pikel (D:8)
  A deep elf pyromancer (D:8)
  Joseph (D:7)
  Grinder (D:6)
  A hornet (D:8)
  A raiju (Abyss:1)
  16 yaks
  A wyvern (D:8)
  Eustachio (D:6)
  2 small abominations
  3 vampire mosquitoes
  A wraith (D:10)
  An acid dragon (D:10)
  A water moccasin (D:6)
  Duvessa (D:6)
  An ice beast (D:7)
  A black bear (D:7)
  2 orc warriors
  2 centaurs
  2 kobold brigands
  4 bullfrogs
  8 scorpions
  A gnoll sergeant (D:4)
  Dowan (D:6)
  10 wights
  4 killer bees
  A howler monkey (D:9)
  3 jellies
  A gnoll bouda (D:9)
  2 orc priests
  7 hounds
  6 orc wizards
  3 adders
  13 gnolls
  2 shadow imps
  A white imp (D:6)
  2 ufetubi
  4 dart slugs
  28 orcs
  4 ball pythons
  3 bats (D:2)
  6 endoplasms
  5 giant cockroaches (D:8)
  6 goblins
  6 hobgoblins
  4 jackals (D:1)
  4 quokkas
  A frilled lizard (D:2)
  12 kobolds
  3 rats (D:1)
  2 butterflies (D:8)
202 creatures vanquished.

Vanquished Creatures (others)
  A wizard (D:4)
  12 starspawn tentacles
13 creatures vanquished.

Grand Total: 215 creatures vanquished

Notes
Turn   | Place    | Note
-------+----------+-------------------------------------------
     0 | D:1      | evanesce the Meteoran Fighter began the quest for the Orb.
     0 | D:1      | Reached XP level 1. HP: 19/19 MP: 2/2
    46 | D:1      | Reached XP level 2. HP: 25/26 MP: 3/3
   329 | D:1      | Reached XP level 3. HP: 31/31 MP: 4/4
   567 | D:2      | Reached skill level 3 in Axes
   678 | D:2      | Reached XP level 4. HP: 35/40 MP: 5/5
   969 | D:3      | Reached XP level 5. HP: 45/46 MP: 6/6
  1181 | D:3      | Learned a level 2 spell: Passwall
  1270 | D:3      | Found an ancient bone altar of Kikubaaqudgha.
  1453 | D:4      | Reached skill level 4 in Axes
  1453 | D:4      | Reached XP level 6. HP: 27/53 MP: 7/7
  1558 | D:4      | Found a staircase to the Ecumenical Temple.
  1585 | D:4      | Reached skill level 5 in Armour
  1585 | D:4      | Reached skill level 5 in Shields
  1645 | Temple   | Entered the Ecumenical Temple
  1652 | Temple   | Became a worshipper of Qazlal Stormbringer
  1701 | D:4      | Reached XP level 7. HP: 33/59 MP: 8/8
  1707 | D:4      | Reached skill level 5 in Fighting
  1803 | D:4      | Found a bloodstained altar of Trog.
  1804 | D:4      | Noticed a wizard
  1809 | D:4      | Killed a wizard
  1841 | D:5      | Entered Level 5 of the Dungeon
  1859 | D:4      | Reached skill level 5 in Axes
  1865 | D:4      | Found a transporter.
  1867 | D:4      | Found Ojyd's Assorted Antiques.
  1894 | D:4      | Found a transporter.
  2209 | D:5      | Reached * piety under Qazlal
  2212 | D:5      | Reached skill level 6 in Axes
  2212 | D:5      | Reached XP level 8. HP: 65/68 MP: 9/9
  2312 | D:5      | Reached skill level 7 in Axes
  2572 | D:5      | Reached skill level 8 in Axes
  2682 | D:6      | Reached skill level 1 in Dodging
  2684 | D:6      | Noticed Grinder
  2692 | D:6      | Killed Grinder
  2693 | D:6      | Gained mutation: You passively map the area around you.
                  | [Meteoran growth]
  2693 | D:6      | Reached XP level 9. HP: 70/75 MP: 10/10
  2826 | D:6      | Noticed Eustachio
  2826 | D:6      | Noticed Dowan
  2858 | D:6      | Noticed Duvessa
  2883 | D:6      | Killed Duvessa
  2895 | D:6      | Killed Eustachio
  2896 | D:6      | Reached skill level 5 in Dodging
  2910 | D:6      | Killed Dowan
  3138 | D:6      | Found a radiant altar of Vehumet.
  3296 | D:7      | Noticed a two-headed ogre
  3313 | D:7      | Killed a two-headed ogre
  3314 | D:7      | Reached skill level 9 in Axes
  3314 | D:7      | Reached XP level 10. HP: 73/88 MP: 8/11
  3398 | D:7      | Found a blossoming altar of Fedhas.
  3435 | D:7      | Noticed Joseph
  3442 | D:7      | Killed Joseph
  3443 | D:7      | Reached skill level 10 in Axes
  3462 | D:7      | Reached ** piety under Qazlal
  3510 | D:8      | Reached skill level 11 in Axes
  3570 | D:8      | Noticed Pikel
  3575 | D:8      | Killed Pikel
  3576 | D:8      | Reached skill level 12 in Axes
  3581 | D:8      | Reached skill level 1 in Invocations
  3605 | D:8      | Reached XP level 11. HP: 74/95 MP: 10/13
  3838 | D:8      | Noticed a deep elf pyromancer
  3930 | D:8      | Found a runed translucent door.
  3952 | D:8      | Found a runed translucent door.
  4095 | D:8      | Killed a deep elf pyromancer
  4198 | D:8      | Learned a level 2 spell: Blink
  4202 | D:8      | Learned a level 3 spell: Swiftness
  4236 | D:9      | Noticed a two-headed ogre
  4241 | D:9      | Found a shimmering blue altar of Sif Muna.
  4424 | D:9      | Killed a two-headed ogre
  4458 | D:8      | Reached skill level 5 in Invocations
  4845 | D:10     | Entered Level 10 of the Dungeon
  5004 | D:10     | Noticed Erolcha
  5005 | D:10     | Reached skill level 10 in Fighting
  5005 | D:10     | Reached skill level 10 in Armour
  5006 | Abyss:1  | Cast into level 1 of the Abyss (Erolcha)
  5038 | Abyss:1  | Noticed a lich
  5045 | Abyss:1  | Found a corrupted altar of Lugonu.
  5086 | Abyss:1  | Noticed a starcursed mass
  5088 | Abyss:1  | Noticed a smoke demon
  5103 | Abyss:1  | Noticed a tentacled starspawn
  5105 | Abyss:1  | Gained mutation: [You are frail. (-10% HP)] [a neqoxec]
  5115 | Abyss:1  | Gained mutation: You occasionally shout uncontrollably at
                  | your foes. [a neqoxec]
  5125 | Abyss:1  | Noticed a thrashing horror
  5169 | Abyss:1  | Noticed a tentacled starspawn
  5189 | Abyss:1  | Noticed a flayed ghost
  5207 | Abyss:1  | Noticed a brown very ugly thing
  5209 | Abyss:1  | Killed a flayed ghost
  5209 | Abyss:1  | Noticed a brown very ugly thing
  5209 | Abyss:1  | Noticed a brown ugly thing
  5254 | Abyss:1  | Noticed a brown ugly thing
  5274 | Abyss:1  | Noticed a starcursed mass
  5275 | Abyss:1  | Killed a brown ugly thing
  5276 | Abyss:1  | Reached XP level 12. HP: 54/95 MP: 9/18
  5287 | Abyss:1  | Noticed a large abomination
  5321 | Abyss:1  | Noticed a starcursed mass
  5376 | Abyss:1  | Noticed a thrashing horror
  5380 | Abyss:1  | Noticed a rakshasa
  5383 | Abyss:1  | Noticed a large abomination
  5402 | Abyss:1  | Noticed a wretched star
  5405 | Abyss:1  | Noticed an ironbound thunderhulk
  5405 | Abyss:1  | Noticed a large abomination
  5427 | Abyss:1  | Noticed a purple very ugly thing
  5427 | Abyss:1  | Noticed an ironbound thunderhulk
  5427 | Abyss:1  | Noticed a cyan very ugly thing
  5460 | Abyss:1  | Noticed a large abomination
  5465 | Abyss:1  | Noticed a cyan very ugly thing
  5465 | Abyss:1  | Noticed a purple very ugly thing
  5466 | Abyss:1  | Noticed a lich
  5468 | Abyss:1  | Noticed a red very ugly thing
  5469 | Abyss:1  | Noticed a brown very ugly thing
  5488 | Abyss:2  | Noticed a vampire mage
  5504 | Abyss:2  | Noticed a tentacled starspawn
  5517 | Abyss:2  | Noticed a thrashing horror
  5521 | Abyss:2  | Noticed a tentacled starspawn
  5523 | Abyss:2  | Found a corrupted altar of Lugonu.
  5554 | D:10     | Escaped the Abyss
  5562 | D:9      | HP: 2/74 [vampire mosquito (7)]
  5564 | D:9      | Reached *** piety under Qazlal
  5920 | D:11     | Noticed Snorg
  5955 | D:11     | HP: 1/74 [Snorg (6)]
  5955 | D:11     | Slain by Snorg

Illustrated notes

Levels and vault maps discovered:
D:1:      minmay_arrival_solitary_statue, layout_loops_corners, serial_shops,
          nicolae_shop_crystal, serial_forest, infiniplex_forest_zigzag_1,
          infiniplex_forest_clump_curved, infiniplex_forest_clump_C,
          infiniplex_forest_lined_3, infiniplex_forest_lined_3,
          infiniplex_forest_straight_2, infiniplex_forest_clump_medium,
          infiniplex_forest_clump_diagonal, infiniplex_forest_corner_1
D:2:      layout_basic, minmay_hedge_maze
D:3:      layout_rooms, nicolae_overflow_crystal_walls
D:4:      layout_rooms, trog_wizard, minmay_temple_entry_wispy, serial_shops,
          nicolae_shop_drivethru, minivault_24, minmay_misc_feat_room,
          minmay_strange_pillars
D:5:      minmay_spotlight, layout_basic, gammafunk_temple_overflow_forgotten,
          dreamdust_gnoll_farm
D:6:      minmay_evil_eye, layout_gridville, kennysheep_little_box,
          uniq_eustachio, uniq_grinder, uniq_duvessa
D:7:      layout_cave_pools, mainiacjoe_overflow_catch_the_wave, uniq_joseph
D:8:      lemuel_insect_pit, layout_loops_ring, uniq_pikel
D:9:      layout_gridville, nicolae_overflow_hidden_temple,
          mainiacjoe_overflow_24_doors
D:10:     layout_basic, kennysheep_orc_monster_closet_entryway, uniq_erolcha
D:11:     layout_roguey, erik_lair_dragon, portal_ice_cave_entry_pillars_1,
          uniq_snorg
Temple:   nicolae_temple_ecumenical_triangle

Skill      XL: |  1  2  3  4  5  6  7  8  9 10 11 |
---------------+----------------------------------+-----
Shields        | 4 5 |  5.6
Armour         | 4 5 7 8 10 | 10.6
Axes           | 3 4 6 8 9 12 | 12.0
Fighting       | 4 5 6 8 10 | 10.5
Dodging        | 3 6 |  6.0
Invocations    | 1 7 |  7.8

Action                     |  1- 3 |  4- 6 |  7- 9 | 10-12 || total
---------------------------+-------+-------+-------+-------++-------
  Melee: War axe           |    75 |    77 |   265 |   250 ||   667
 Invoke: Upheaval          |       |       |       |     2 ||     2
  Evoke: Wand              |       |       |     3 |     3 ||     6
    Use: Scroll            |       |     9 |     4 |     8 ||    21
         Potion            |       |     1 |     3 |     4 ||     8
   Stab: Paralysed         |       |       |     3 |       ||     3
 Armour: Scale mail        |    49 |    35 |   148 |    75 ||   307
         Plate armour      |       |       |       |   188 ||   188
  Dodge: Dodged            |    36 |    31 |   103 |   174 ||   344
  Block: Buckler           |    22 |    26 |   128 |   206 ||   382
